 Dungeon Crawl Stone Soup version 0.26.1-11-gd32895ea62 (webtiles) character file.

Game seed: 11712169941528943179

2 infcreate the Vexing (level 1, 0/10 HPs)
             Began as a Vampire Enchanter on July 11, 2021.
             Slain by a leopard gecko (2 damage)
             ... on level 1 of the Dungeon.
             The game lasted 00:00:52 (178 turns).

infcreate the Vexing (Vampire Enchanter)             Turns: 178, Time: 00:00:53

Health: 0/10       AC:  2    Str:  7    XL:     1   Next: 25%
Magic:  1/3        EV: 12    Int: 17    God:
Gold:   0          SH:  0    Dex: 14    Spells: 3/4 levels left

rFire    . . .     SeeInvis +   a - +1 dagger
rCold    + + .     Faith    .   (no shield)
rNeg     + + +     Spirit   .   b - +0 robe
rPois    ∞         Reflect  .   (no helmet)
rElec    .         Harm     .   (no cloak)
rCorr    .         Rampage  .   (no gloves)
Will     .....                  (no boots)
Stlth    +++++.....             (no amulet)
HPRegen  0.00/turn              (no ring)
MPRegen  0.08/turn              (no ring)

@: bloodless
A: fangs 3, see invisible, unbreathing
a: Revivify


You were on level 1 of the Dungeon.
You visited 1 branch of the dungeon, and saw 1 of its levels.


Innate Abilities, Weirdness & Mutations

You do not regenerate when monsters are visible.
You are frail without blood (-20% HP).
You can heal yourself when you bite living creatures.
You are immune to poison.
You have razor-sharp teeth.
You have supernaturally acute eyesight. (SInv)
You can survive without breathing.


   Skills:
 + Level 0.0 Fighting
 + Level 1.1 Short Blades
 * Level 2.2 Dodging
 * Level 4.4 Stealth
 + Level 2.0 Spellcasting
 * Level 4.4 Hexes


You had 3 spell levels left.
You knew the following spells:

 Your Spells              Type           Power        Failure   Level
c - Corona                Hex            17%          3%          1

Your spell library contained the following spells:

 Spells                   Type           Power        Failure   Level
 Confusing Touch          Hex            16%          10%         3
 Tukima's Dance           Hex            16%          10%         3
 Ensorcelled Hibernation  Hex/Ice        18%          12%         2
 Dazzling Flash           Conj/Hex       18%          24%         3

Inventory:

Hand Weapons
 a - a +1 dagger (weapon)
Armour
 b - a +0 robe (worn)

Dungeon Overview and Level Annotations

Branches:
Dungeon (1/15)

Altars:

#.....#.# ##.. .
▒..<..▒.# #... .##.
#.....#.# #.l. ....
▒.....▒.####..##..# .
#▒#'#▒#.......#...#.#
#.# ##.####........
#.# #.# ##.# .# #.#
#.###..##.##.# #.#
#..@l........# #.#
#.###......... #.#
#.# ########## #(#
#.# #.# #.# #.# #.#
#.# #.# #.# #.# #.#
#.#


You could see a leopard gecko (corona).


Message History

The leopard gecko is moderately wounded.
The leopard gecko bites you but does no damage.
You closely miss the leopard gecko.
The leopard gecko is moderately wounded.
The leopard gecko closely misses you.
You hit the leopard gecko. Your bite misses the leopard gecko.
The leopard gecko is heavily wounded.
The leopard gecko closely misses you.
You hit the leopard gecko but do no damage.
The leopard gecko is heavily wounded.
The leopard gecko hisses menacingly.
The leopard gecko bites you.
You hit the leopard gecko but do no damage.
The leopard gecko is heavily wounded.
The leopard gecko bites you but does no damage.
You hit the leopard gecko but do no damage.
The leopard gecko is heavily wounded.
The leopard gecko closely misses you.
You completely miss the leopard gecko.
The leopard gecko is heavily wounded.
The leopard gecko bites you.
Ouch! That really hurt!
* * * LOW HITPOINT WARNING * * *
You hit the leopard gecko.
The leopard gecko is almost dead.
The leopard gecko barely misses you. The leopard gecko closely misses you.
You hit the leopard gecko but do no damage.
The leopard gecko is almost dead.
The leopard gecko bites you.
You die...

Action                   || total
-------------------------++-------
Melee: Dagger            ||    17
       Bite              ||     1
 Cast: Corona            ||     8
 Abil: Exsanguinate      ||     1
Armor: Robe              ||     5
Dodge: Dodged            ||     8

Levels and vault maps discovered:
D:1:      minmay_arrival_checkered_box, layout_basic, hangedman_decor_opposing,
          hangedman_decor_clover_reticule

Notes
Turn   | Place    | Note
-------+----------+-------------------------------------------
     0 | D:1      | infcreate the Vampire Enchanter began the quest for the
                  | Orb.
     0 | D:1      | Reached XP level 1. HP: 13/13 MP: 3/3
   178 | D:1      | Slain by a leopard gecko

Vanquished Creatures
  2 bats (D:1)
  A rat (D:1)
3 creatures vanquished.

Table legend: (Time is in decaauts)
 A = Elapsed time spent in this place.
 B = Non-inter-level travel time spent in this place.
 C = Inter-level travel time spent in this place.
 D = Time resting spent in this place.
 E = Time spent auto-exploring this place.
 F = Levels seen in this place.
 G = Mean time per level.
                   A        B        C        D        E       F      G
               +--------+--------+--------+--------+--------+-----+--------+
         Total |    177 |    177 |      0 |     47 |      0 |   1 |  177.0 |
       Dungeon |    177 |    177 |      0 |     47 |      0 |   1 |  177.0 |
               +--------+--------+--------+--------+--------+-----+--------+

Top non-repeatable levels by time:
     D:1: 177 daAuts

Table legend:
 A = Non-vault XP
 B = Vault XP
 C = Vault XP percentage of total XP
 D = Non-vault monster count
 E = Vault monster count
 F = Vault count percentage of total count
                 A         B        C        D         E       F
            +---------+---------+-------+---------+---------+-------
      Total |       3 |       0 |   0.0 |       3 |       0 |   0.0
            +---------+---------+-------+---------+---------+-------
        D:1 |       3 |       0 |   0.0 |       3 |       0 |   0.0
            +---------+---------+-------+---------+---------+-------
